 Dungeon Crawl Stone Soup version 0.19-a0-1025-g778f431 (webtiles) character file.

767 Leszczynek the Basher (level 7, -5/70 HPs)
             Began as an Ogre Abyssal Knight on July 28, 2016.
             Was a Priest of Lugonu.
             Slain by Pikel
             ... wielding a +2 whip of electrocution
              (9 damage)
             ... on level 4 of the Dungeon.
             The game lasted 00:25:16 (4302 turns).

Leszczynek the Basher (Ogre Abyssal Knight)         Turns: 4302, Time: 00:25:17

Health: -5/70      AC:  7    Str: 18    XL:     7   Next: 82%
Magic:  7/8        EV: 10    Int: 12    God:    Lugonu [***...]
Gold:   240        SH:  2    Dex: 10    Spells: 0 memorised, 6 levels left

rFire  . . .     SeeInvis .     a - +0 giant club
rCold  . . .     Gourm    .     p - +0 robe
rNeg   . . .     Faith    .     (shield currently unavailable)
rPois  +         Spirit   .     (helmet restricted)
rElec  .         Dismiss  .     d - +1 cloak
rCorr  .         Reflect  .     (gloves unavailable)
SustAt .         Harm     .     (boots unavailable)
MR     .....                    (no amulet)
Stlth  +.........               (no ring)
                                g - ring of poison resistance

@: not resistant to hostile enchantments, very unstealthy
A: unfitting armour, large bone plates 1, tough skin 1
a: Depart the Abyss, Bend Space, Banish, Renounce Religion


You were on level 4 of the Dungeon.
You worshipped Lugonu.
Lugonu was most pleased with you.
You were hungry.

You visited 1 branch of the dungeon, and saw 5 of its levels.
You visited the Abyss 1 time.

You collected 240 gold pieces.

Inventory:

Hand Weapons
 a - a +0 giant club (weapon)
 b - a +0 hunting sling
 t - a +1 mace
Missiles
 n - 115 sling bullets
 q - 11 javelins (quivered)
Armour
 d - a +1 cloak (worn)
 p - a +0 robe (worn)
Jewellery
 g - a ring of poison resistance (left hand)
Wands
 i - a wand of random effects (5/48)
Scrolls
 h - 3 scrolls of remove curse
 k - 2 scrolls of enchant weapon
 l - a scroll of enchant armour
Potions
 e - 2 potions of flight
Comestibles
 c - 7 bread rations
 f - 3 meat rations


   Skills:
 - Level 4.0 Fighting
 + Level 10.7 Maces & Flails
 - Level 2.1 Dodging
 - Level 2.0 Stealth
 - Level 2.0 Invocations


You had 6 spell levels left.
You didn't know any spells.

Dungeon Overview and Level Annotations

Branches:
Dungeon (5/15)             Temple (0/1) D:4

Altars:
Ashenzari
Dithmenos
Elyvilon
Kikubaaqudgha
Nemelex Xobeh
Okawaru

Shops:
D:5 %

Annotations:
D:2 exclusions: adder and quokka
D:4 Pikel
D:5 pikel with elec whip, mrath's ghost, novice GrEE


Innate Abilities, Weirdness & Mutations

You are too large for most types of armour.
You have tough skin. (AC +1)
You are partially covered in large bone plates. (AC +2, SH +2)


Message History

You closely miss Pikel. Pikel barely misses you.
Pikel hits you with a whip of electrocution.
Unknown command.
You bludgeon Pikel!!
Pikel is heavily wounded.
Pikel barely misses you. Pikel closely misses you.
You barely miss Pikel.
Pikel is heavily wounded.
Pikel hits you with a whip of electrocution.
You are electrocuted!
You sock Pikel!
Pikel is almost dead.
Pikel says, "You'll fetch a fair price!"
Pikel hits you with a whip of electrocution!
Pikel hits you but does no damage.
You are electrocuted!
* * * LOW HITPOINT WARNING * * *
You barely miss Pikel.
Pikel is almost dead.
Pikel hits you with a whip of electrocution!
You die...

...[#
#.....#....#
....#
#.....#....#
....#
#.....#....#
[...#
#.....#....#
....#
#.....#....#
....###
#.....##'####
#####.##
######......#
.......#
#.K....#
......>#
#.@....#
.......#
#......#
.......#
#......#
.......#
########
########
.......#
.......#
..)....#
.......#


You could see Pikel.

Vanquished Creatures
  3 slaves (D:5)
  A sky beast (D:5)
  An ogre (D:4)
  A scorpion (D:3)
  A centaur zombie (D:5)
  A hound (D:4)
  An orc priest (D:4)
  2 iguanas (D:4)
  5 orc wizards (D:5)
  2 worker ants (D:4)
  The ghost of crawlian the Firebug, a weakling DEFE (D:4)
  Robin (D:2)
  5 adders
  3 gnolls (D:4)
  A shadow imp (D:5)
  An adder zombie (D:5)
  2 adder skeletons
  A worm (D:2)
  2 giant geckos
  16 orcs
  A ball python (D:3)
  5 bats
  5 giant cockroaches
  12 goblins
  10 hobgoblins
  9 jackals
  10 kobolds
  2 quokkas
  6 giant newts
  A rat (D:1)
112 creatures vanquished.

Notes
Turn   | Place    | Note
-------+----------+-------------------------------------------
     0 | Abyss:1  | Leszczynek the Ogre Abyssal Knight began the quest for the Orb.
     0 | Abyss:1  | Reached XP level 1. HP: 24/24 MP: 2/2
    60 | Abyss:1  | Noticed a demonic crawler
    61 | Abyss:1  | Noticed a worldbinder
    74 | Abyss:1  | Noticed a rakshasa
    75 | D:1      | Escaped the Abyss
   216 | D:1      | Found a sparkling altar of Nemelex Xobeh.
   320 | D:1      | Reached skill level 1 in Stealth
   361 | D:1      | Reached * piety under Lugonu
   371 | D:1      | Reached XP level 2. HP: 24/32 MP: 3/3
   652 | D:2      | Found a shadowy altar of Dithmenos.
   851 | D:1      | Reached skill level 2 in Stealth
   932 | D:1      | Reached skill level 3 in Maces & Flails
   937 | D:1      | Reached XP level 3. HP: 39/39 MP: 4/4
  1099 | D:2      | Found a faded altar of an unknown god.
  1414 | D:2      | Reached ** piety under Lugonu
  1579 | D:2      | Reached skill level 4 in Maces & Flails
  1610 | D:2      | Noticed Robin
  1652 | D:2      | Killed Robin
  1652 | D:2      | Reached XP level 4. HP: 20/48 MP: 5/5
  1874 | D:3      | Found a shattered altar of Ashenzari.
  1877 | D:3      | Found an ancient bone altar of Kikubaaqudgha.
  1937 | D:3      | Found an iron altar of Okawaru.
  1966 | D:3      | Reached skill level 5 in Maces & Flails
  2476 | D:4      | Reached XP level 5. HP: 51/54 MP: 6/6
  2664 | D:3      | Reached skill level 6 in Maces & Flails
  2793 | D:4      | Noticed crawlian's ghost (weakling DEFE)
  2802 | D:4      | Killed crawlian's ghost
  2869 | D:4      | Reached skill level 7 in Maces & Flails
  2869 | D:4      | Reached XP level 6. HP: 62/62 MP: 7/7
  2890 | D:4      | Reached *** piety under Lugonu
  2981 | D:4      | Reached skill level 8 in Maces & Flails
  3435 | D:4      | Found a staircase to the Ecumenical Temple.
  3462 | D:4      | Reached skill level 9 in Maces & Flails
  3462 | D:4      | Reached XP level 7. HP: 23/70 MP: 8/8
  3690 | D:5      | Entered Level 5 of the Dungeon
  3894 | D:5      | Found a white marble altar of Elyvilon.
  4017 | D:5      | Reached skill level 10 in Maces & Flails
  4024 | D:5      | Gained mutation: You are partially covered in large bone plates. (AC +2, SH +2) [mutagenic meat]
  4154 | D:5      | Noticed Pikel
  4214 | D:5      | Found Ybboup's Food Shop.
  4230 | D:5      | Noticed mrath's ghost (novice GrEE)
  4301 | D:4      | HP: 4/70 [Pikel/whip of electrocution (19)]
  4302 | D:4      | Slain by Pikel

Vault maps used:
D:1:      noname_arrival_rooms_in_the_neighbourhood,
          nemelex_diamond_rough_becter
D:2:      kennysheep_goblin_castle, nicolae_overflow_crystal_walls,
          ecumenical_altar_1
D:3:      overflow_temple_1_default, minitemple, first_bread
D:4:      serial_shops, shop
D:5:      elyvilon_altar_5, serial_shops, shop, uniq_pikel
Abyss:1:  serial_sigils_hangedman_gut

Skill      XL: |  1  2  3  4  5  6  7 |
---------------+----------------------+-----
Stealth        | 1 2 |  2.0
Maces & Flails | 3 4 5 7 9 10 | 10.7
Fighting       | |  4.0
Dodging        | |  2.1
Invocations    | |  2.0

Action                   |  1- 3 |  4- 6 |  7- 9 || total
-------------------------+-------+-------+-------++-------
Melee: Mace              |   139 |    99 |       ||   238
       Giant club        |       |    31 |   122 ||   153
 Fire: Hunting sling     |     5 |    60 |    20 ||    85
Throw: Stone             |    25 |       |       ||    25
       Javelin           |       |     1 |     1 ||     2
Invok: Depart the Abyss  |     1 |       |       ||     1
       Bend Space        |       |       |     1 ||     1
Evoke: Wand              |       |     1 |     4 ||     5
  Use: Scroll            |     5 |       |     4 ||     9
       Potion            |     2 |     1 |     1 ||     4
  Eat: Chunk             |     5 |     5 |     4 ||    14
       Beef jerky        |       |     1 |       ||     1
Armor: Robe              |    58 |    23 |    51 ||   132
       Skin              |       |       |    51 ||    51
Dodge: Dodged            |    85 |    77 |    75 ||   237
Block: Other             |       |       |     5 ||     5
